 Dungeon Crawl Stone Soup version 0.26-a0-966-gd078a86f14 (webtiles) character file.

Game seed: 1218329731879738932

12562 Ijustatesigmund the Cleaver (level 11, -7/88 HPs)
             Began as an Octopode Fighter on Dec 3, 2020.
             Was a Believer of Ashenzari.
             Mangled by a vampire
             ... wielding a +1 vorpal great sword
              (11 damage)
             ... on level 10 of the Dungeon.
             The game lasted 00:24:43 (14220 turns).

Ijustatesigmund the Cleaver (Octopode Fighter)     Turns: 14220, Time: 00:24:43

Health: -7/88      AC:  1    Str: 16    XL:     11   Next: 95%
Magic:  0/11       EV: 17    Int: 12    God:    Ashenzari [**....]
Gold:   597        SH: 15    Dex: 13    Spells: 10/10 levels left

rFire    . . .     SeeInvis .   v - +8 mithril axe "Arga" {speed, MR+} (curse)
rCold    . . .     Faith    .   b - +4 kite shield (curse)
rNeg     + . .     Spirit   +   (helmet restricted)
rPois    .         Reflect  .   r - amulet of guardian spirit
rElec    +         Harm     .   t - ring of stealth
rCorr    +         Rampage  .   w - ring of resist corrosion
MR       +....     Clarity  +   u - ring "Geusevoi" {Wiz rElec Stlth+} (curse)
Stlth    +++++.....             c - ring of positive energy
HPRegen  0.24/turn              (no ring)
MPRegen  0.12/turn              (no ring)
                                (no ring)
                                (no ring)

@: about to teleport
A: almost no armour, stealthy swim, amphibious, 8 rings, constrict 8, camouflage
1, clarity, robust 1, gelatinous body 1
a: Curse Item, Scrying, Renounce Religion


You were on level 10 of the Dungeon.
You worshipped Ashenzari.
Ashenzari was pleased with you.
You visited 2 branches of the dungeon, and saw 11 of its levels.

You collected 597 gold pieces.

Inventory:

Hand Weapons
 a - a +1 war axe
 v - the cursed +8 mithril axe "Arga" (weapon) {speed, MR+}
   (You found it on level 7 of the Dungeon)

   Attacks with this weapon are significantly faster.
   It affects your resistance to hostile enchantments.
   It has a curse placed upon it.
Missiles
 f - 8 silver javelins (quivered)
Armour
 b - a cursed +4 kite shield (worn)
 k - the +3 hat of Pondering {ponderous, MR+ MP+10 Int+5}
   (You took it off Gastronok on level 9 of the Dungeon)

   It affects your intelligence (+5).
   It affects your resistance to hostile enchantments.
   It affects your magic capacity (+10).
Jewellery
 c - a ring of positive energy (on tentacle)
 d - an uncursed ring of fire
 r - an amulet of guardian spirit (around mantle)
 t - a ring of stealth (left tentacle)
 u - the cursed ring "Geusevoi" (on tentacle) {Wiz rElec Stlth+}
   (You found it on level 9 of the Dungeon)

   [ring of wizardry]

   It improves your spell success rate.
   It insulates you from electricity.
   It makes you more stealthy.
   It has a curse placed upon it.
 w - a ring of resist corrosion (right tentacle)
Wands
 n - a wand of paralysis (4)
 y - a wand of acid (8)
Scrolls
 e - a scroll of enchant weapon
 h - a scroll of blinking
 l - 3 scrolls of identify
 o - 2 scrolls of teleportation
 p - a scroll of fear
 s - 2 scrolls of magic mapping
 x - 2 scrolls of fog
Potions
 g - a potion of curing
 i - 4 potions of attraction
 j - 2 potions of cancellation
 m - 3 potions of brilliance
 q - 2 potions of flight


   Skills:
 - Level 9.1 Fighting
 - Level 11.4(13.4) Axes
 - Level 9.1 Dodging
 + Level 2.7 Stealth
 - Level 9.1(10.5) Shields
 + Level 2.0 Evocations


You had 10 spell levels left.
You didn't know any spells.
Your spell library contained the following spells:

 Spells                   Type           Power        Failure   Level
 Animate Skeleton         Necr           #.....       22%         1
 Apportation              Tloc           #.....       22%         1
 Corona                   Hex            #......      22%         1
 Summon Small Mammal      Summ           #...         22%         1
 Corpse Rot               Necr/Air       N/A          32%         2
 Sublimation of Blood     Necr           #.........   32%         2
 Dispel Undead            Necr           #.......     89%         4
 Agony                    Necr           #.......     99%         5
 Excruciating Wounds      Necr           #.........   99%         5


Dungeon Overview and Level Annotations

Branches:
Dungeon (10/15)            Temple (1/1) D:6            Lair (0/6) D:8
    Orc: D:9-12

Altars:
Ashenzari
Cheibriados
Dithmenos
Elyvilon
Fedhas
Gozag
Hepliaklqana
Kikubaaqudgha
Makhleb
Nemelex Xobeh
Okawaru
Qazlal
Ru
Sif Muna
Trog
Uskayaw
Vehumet
Wu Jian
Xom
Yredelemnul
Zin
The Shining One

Shops:
D:8 [


Innate Abilities, Weirdness & Mutations

You cannot wear most types of armour.
You are very stealthy in the water. (Stealth+)
You are amphibious.
You can wear up to eight rings at the same time.
You can use your tentacles to constrict eight enemies at once.
Your skin changes colour to match your surroundings (Stealth+).
Your rubbery body absorbs attacks. (AC +1, EV +1)
You possess an exceptional clarity of mind.
You are robust. (+10% HP)


Message History

You miss something.
You block the centaur warrior skeleton's attack.
Something hits you!
* * * LOW HITPOINT WARNING * * *
x2 Something bites you.
You feel better.
The centaur warrior skeleton barely misses you.
You slice the centaur warrior skeleton!!
You squeeze the centaur warrior skeleton.
The centaur warrior skeleton is severely damaged.
You hit something. You block something's attack. Something bites you!
* * * LOW HITPOINT WARNING * * *
Something draws strength from your injuries!
The centaur warrior skeleton barely misses you.
You feel better.
You block the centaur warrior skeleton's attack.
Something hits you!
* * * LOW HITPOINT WARNING * * *
x2 Something bites you!
You die...

≈.# #.# #.#
###.####
#.###......####≈
#...............
#...............
#....##.........
#..>.##.........
#Z#####.........
{#### #@#
#.###.....
......#{## #.#
#### #..).#
##'###
'...'....#
#....#
#####...[#
#..<.########
......#
#....'.......
###....#
#....###.....
#..>.# #....#
#..... ......
###### #.....


You could see a centaur warrior skeleton.

Vanquished Creatures
  Gastronok (D:9)
  An ettin (D:9)
  A deep troll (D:9)
  A flayed ghost (D:9)
  Pikel (D:6)
  A guardian serpent (shapeshifter) (D:9)
  Joseph (D:9)
  Maggie (D:6)
  A hornet (D:9)
  Grinder (D:6)
  A redback (D:9)
  2 wyverns (D:9)
  7 yaks
  Grum (D:8)
  3 wargs (D:8)
  A water moccasin (D:9)
  2 sky beasts
  4 orc warriors
  3 black bears
  3 ice beasts
  A necrophage (D:7)
  6 ogres
  6 phantoms
  2 centaurs
  2 wolves (D:8)
  A big kobold (D:9)
  4 bullfrogs
  A gnoll sergeant (D:9)
  A scorpion (D:9)
  12 wights
  A howler monkey (D:6)
  5 jellies
  2 hounds (D:5)
  Crazy Yiuf (D:3)
  14 orc wizards
  9 orc priests
  Jessica (D:3)
  4 bullfrog skeletons
  A centaur skeleton (D:7)
  3 iguanas
  Ijyb (D:3)
  Natasha (thrice) (D:4)
  7 worker ants
  A hound zombie (D:7)
  A howler monkey zombie (D:6)
  A worker ant zombie (D:5)
  13 gnolls
  A howler monkey skeleton (D:9)
  14 adders
  2 shadow imps (D:5)
  4 white imps
  4 ufetubi
  2 oozes (D:2)
  An adder skeleton (D:9)
  8 leopard geckos
  40 orcs
  5 bats
  4 giant cockroaches
  7 goblins
  7 hobgoblins
  18 jackals
  2 quokkas
  A ball python (D:5)
  2 frilled lizards
  9 kobolds
  3 quokka skeletons
  7 rats
282 creatures vanquished.

Notes
Turn   | Place    | Note
-------+----------+-------------------------------------------
     0 | D:1      | Ijustatesigmund the Octopode Fighter began the quest for
                  | the Orb.
     0 | D:1      | Reached XP level 1. HP: 16/16 MP: 1/1
   219 | D:1      | Reached XP level 2. HP: 16/21 MP: 2/2
   446 | D:1      | Reached skill level 3 in Axes
  1076 | D:2      | You fall into a shaft and drop 2 floors!
  1079 | D:4      | Reached XP level 3. HP: 23/26 MP: 3/3
  1085 | D:4      | Reached skill level 4 in Axes
  1085 | D:4      | Reached XP level 4. HP: 15/31 MP: 4/4
  1241 | D:4      | Noticed an ogre
  1858 | D:2      | Reached skill level 5 in Axes
  1858 | D:2      | Reached XP level 5. HP: 19/36 MP: 5/5
  2577 | D:3      | Noticed Ijyb
  2587 | D:3      | Killed Ijyb
  2754 | D:3      | Found a runed translucent door.
  2755 | D:3      | Noticed Crazy Yiuf
  2763 | D:3      | Killed Crazy Yiuf
  2983 | D:4      | Reached skill level 6 in Axes
  2983 | D:4      | Reached XP level 6. HP: 21/42 MP: 6/6
  3147 | D:4      | Found a broken altar of Ashenzari.
  3735 | D:3      | Noticed Jessica
  3740 | D:3      | Killed Jessica
  3741 | D:3      | Reached skill level 7 in Axes
  3764 | D:3      | Reached XP level 7. HP: 34/46 MP: 7/7
  4229 | D:4      | Noticed Natasha
  4233 | D:4      | Killed Natasha
  4306 | D:4      | Found a shadowy altar of Dithmenos.
  4306 | D:4      | Found an opulent altar of Gozag.
  4342 | D:4      | Reached skill level 8 in Axes
  4870 | D:4      | Noticed Natasha
  4872 | D:4      | Killed Natasha
  4918 | D:4      | Reached skill level 9 in Axes
  4918 | D:4      | Reached XP level 8. HP: 6/52 MP: 8/8
  4930 | D:4      | Noticed Natasha
  4938 | D:5      | Entered Level 5 of the Dungeon
  5188 | D:4      | Killed Natasha
  5883 | D:5      | Found a snail-covered altar of Cheibriados.
  6038 | D:5      | Reached skill level 10 in Axes
  6664 | D:6      | Found a bloodstained altar of Trog.
  7139 | D:6      | Gained mutation: You are robust. (+10% HP) [potion of
                  | mutation]
  7139 | D:6      | Gained mutation: You possess an exceptional clarity of
                  | mind. [potion of mutation]
  7275 | D:6      | Reached XP level 9. HP: 35/62 MP: 9/9
  8071 | D:6      | Found a staircase to the Ecumenical Temple.
  8079 | Temple   | Entered the Ecumenical Temple
  8349 | D:6      | Noticed Pikel
  8358 | D:6      | Killed Pikel
  8359 | D:6      | Reached skill level 5 in Fighting
  8359 | D:6      | Reached skill level 5 in Dodging
  8359 | D:6      | Reached skill level 5 in Shields
  8392 | D:6      | Noticed Grinder
  8401 | D:6      | Killed Grinder
  8411 | D:6      | Reached XP level 10. HP: 67/74 MP: 10/10
  8550 | D:6      | Noticed Maggie
  8551 | D:6      | Found an opulent altar of Gozag.
  8563 | D:6      | Killed Maggie
  9102 | D:7      | Found an iron altar of Okawaru.
  9309 | D:7      | Found the +8 mithril axe "Arga" {speed, MR+}
  9589 | D:4      | Became a worshipper of Ashenzari the Shackled
 10181 | D:8      | Found Reumesh's Armour Boutique.
 10225 | D:8      | Found a staircase to the Lair.
 10237 | D:8      | You fall into a shaft and drop 1 floor!
 10388 | D:8      | Noticed Grum
 10395 | D:8      | Killed Grum
 10429 | D:8      | Found a blossoming altar of Fedhas.
 10621 | D:8      | Reached * piety under Ashenzari
 10994 | D:9      | Noticed Gastronok
 11015 | D:9      | Killed Gastronok
 11016 | D:9      | Reached XP level 11. HP: 69/84 MP: 6/11
 11421 | D:9      | Noticed a flayed ghost
 11425 | D:9      | Killed a flayed ghost
 11426 | D:9      | Reached skill level 11 in Axes
 11911 | D:9      | Identified the ring "Geusevoi" {Wiz rElec Stlth+}
 11964 | D:9      | Noticed Joseph
 11978 | D:9      | Killed Joseph
 12509 | D:9      | Found an ancient bone altar of Kikubaaqudgha.
 12517 | D:9      | HP: 4/85 [troll (8)]
 12553 | D:10     | Entered Level 10 of the Dungeon
 13020 | D:9      | Noticed a deep troll
 13036 | D:9      | Killed a deep troll
 13229 | D:9      | Noticed an ettin
 13559 | D:9      | Killed an ettin
 14184 | D:10     | Reached ** piety under Ashenzari
 14194 | D:10     | Reached skill level 1 in Stealth
 14204 | D:10     | Reached skill level 1 in Evocations
 14217 | D:10     | HP: 4/88 [something (2)]
 14220 | D:10     | Mangled by a vampire

Illustrated notes

Levels and vault maps discovered:
D:1:      eino_arrival_water_star, layout_basic
D:2:      layout_loops_corners
D:3:      layout_basic, minmay_door_square, uniq_jessica, uniq_ijyb,
          uniq_crazy_yiuf_cottage
D:4:      layout_loops_cross, kennysheep_mini_moat,
          amethyst_overflow_temple_binary, uniq_natasha
D:5:      cheibrodos_fzero, layout_basic, marbit_many_paths, abandoned_shop
D:6:      layout_loops_corners, trog_ov_bears_minmay, temple_statues,
          grunt_gozag_breadcrumbs, uniq_grinder, uniq_maggie, uniq_pikel
D:7:      layout_loops_ring, okawaru_altar_gauntlet_db, kennysheep_nondescript
D:8:      layout_loops_ring, erik_lair_orcish_takeover, serial_shops, shop,
          basic_altar, uniq_grum
D:9:      minmay_chopped_fan, layout_loops_ring, nicolae_overflow_crystal_walls,
          uniq_gastronok, uniq_joseph
D:10:     layout_basic
Temple:   bh_familiar_temple

Skill      XL: |  1  2  3  4  5  6  7  8  9 10 11 |
---------------+----------------------------------+-----
Axes           | 3 4 5 6 7 9 10 11 | 11.4
Fighting       | 5 8 9 |  9.1
Dodging        | 5 8 9 |  9.1
Shields        | 5 8 9 |  9.1
Stealth        | 2 |  2.7
Evocations     | 2 |  2.0

Action                   |  1- 3 |  4- 6 |  7- 9 | 10-12 || total
-------------------------+-------+-------+-------+-------++-------
Melee: War axe           |    37 |   104 |   228 |    84 ||   453
       Constrict         |     6 |    27 |    43 |    39 ||   115
       Tentacles         |     5 |    14 |    41 |    66 ||   126
       Broad axe         |       |       |       |   249 ||   249
Throw: Javelin           |       |     4 |    24 |     4 ||    32
Invok: Curse Item        |       |       |       |     3 ||     3
Evoke: Wand              |       |     3 |       |     1 ||     4
  Use: Scroll            |     7 |     4 |    11 |     4 ||    26
       Potion            |     2 |       |     3 |     4 ||     9
 Stab: Sleeping          |     3 |     5 |     4 |    11 ||    23
       Paralysed         |       |     2 |       |       ||     2
       Distracted        |       |     1 |       |     1 ||     2
Armor: Skin              |     9 |     4 |     3 |     7 ||    23
Dodge: Dodged            |    23 |    29 |    68 |   115 ||   235
Block: Kite shield       |    31 |    51 |   110 |   181 ||   373

Table legend: (Time is in decaauts)
 A = Elapsed time spent in this place.
 B = Non-inter-level travel time spent in this place.
 C = Inter-level travel time spent in this place.
 D = Time resting spent in this place.
 E = Time spent auto-exploring this place.
 F = Levels seen in this place.
 G = Mean time per level.
                   A        B        C        D        E       F      G
               +--------+--------+--------+--------+--------+-----+--------+
         Total |  14284 |  13753 |    531 |   4298 |   7707 |  11 | 1298.5 |
       Dungeon |  14108 |  13598 |    510 |   4298 |   7552 |  10 | 1410.8 |
        Temple |    175 |    155 |     20 |      0 |    155 |   1 |  175.0 |
               +--------+--------+--------+--------+--------+-----+--------+

Top non-repeatable levels by time:
     D:9: 2744 daAuts
     D:5: 1891 daAuts
     D:6: 1700 daAuts
     D:4: 1510 daAuts
     D:3: 1333 daAuts
     D:2: 1293 daAuts
     D:1: 1077 daAuts
     D:7: 1066 daAuts
     D:8: 898 daAuts
    D:10: 592 daAuts
  Temple: 175 daAuts
